 Dungeon Crawl Stone Soup version 0.24-a0-630-g0d56a851f4 (webtiles) character file.

Game seed: 11356410054169400149, levelgen mode: deterministic

4 Ge0ff the Grasshopper (level 1, 0/14 HPs)
             Began as a Halfling Warper on Sept 20, 2019.
             Slain by a jackal (2 damage)
             ... on level 1 of the Dungeon.
             The game lasted 00:01:38 (84 turns).

Ge0ff the Grasshopper (Halfling Warper)               Turns: 84, Time: 00:01:39

Health: 0/14       AC:  3    Str: 12    XL:     1   Next: 66%
Magic:  3/3        EV: 14    Int: 11    God:
Gold:   0          SH:  0    Dex: 13    Spells: 3/3 levels left

rFire    . . .     SeeInvis .   a - +0 mace
rCold    . . .     Gourm    .   (shield restricted)
rNeg     . . .     Faith    .   b - +0 leather armour
rPois    .         Spirit   .   (no helmet)
rElec    .         Reflect  .   (no cloak)
rCorr    .         Harm     .   (no gloves)
MR       .....                  (no boots)
Stlth    +.........             (no amulet)
HPRegen  0.04/turn              (no ring)
MPRegen  0.08/turn              (no ring)

@: no status effects
A: small, mutation resistance 1
a: no special abilities


You were on level 1 of the Dungeon.
You were not hungry.

You visited 1 branch of the dungeon, and saw 1 of its levels.

Inventory:

Hand Weapons
 a - a +0 mace (weapon)
Armour
 b - a +0 leather armour (worn)
Comestibles
 r - a ration


   Skills:
 + Level 1.9 Fighting
 * Level 2.0 Maces & Flails
 - Level 1.0 Throwing
 - Level 1.1 Armour
 - Level 2.1 Dodging
 - Level 1.5 Spellcasting
   Level 3.2 Translocations


You had 3 spell levels left.
You didn't know any spells.
Your spell library contained the following spells:

 Spells                   Type           Power        Failure   Level  Hunger
 Blink                    Tloc           N/A          16%         2    ###....
 Shroud of Golubria       Chrm/Tloc      #.....       30%         2    ###....
 Gell's Gravitas          Tloc           #.........   30%         3    ####...
 Lesser Beckoning         Tloc           #.........   30%         3    ####...
 Teleport Other           Tloc           #.......     30%         3    ####...
 Passage of Golubria      Tloc           N/A          69%         4    #####..


Dungeon Overview and Level Annotations

Branches:
Dungeon (1/15)

Altars:


Innate Abilities, Weirdness & Mutations

You are small and have problems with some larger weapons.
You are somewhat resistant to further mutation.


Message History

You close the door.
A bat comes into view.
The helpless bat fails to defend itself.
You hit the bat.
You kill the bat!
A bat comes into view.
A bat comes into view.
Found a scroll labeled UMOSAB JAWN.
Found a stone staircase leading down.
The bat hits you but does no damage.
Your leather armour prevents you from hitting the bat.
The bat hits you.
* * * LOW HITPOINT WARNING * * *
You sock the bat!
You kill the bat!
You start resting.
Your magical contamination has completely faded away.
The jackal is too close now for your liking.
You closely miss the jackal. The jackal completely misses you.
You barely miss the jackal. The jackal bites you.
You die...

#. .# #.. ..## #..
.?. b.###.. >....
#.. .# ... #.# #.#
#.# #l# #.# #†# #.#
#.# #@# #.##.# #h#
#.#.# .#
##.#####..####.##
#..g##.+.........#
#......##.####.##.#
#...######.###.# #.
##.## ##.##.##.#
#.# ##h#.#.# #.#
##..$###


You could see a jackal and a hobgoblin.

Vanquished Creatures
  3 bats (D:1)
  A jackal (D:1)
4 creatures vanquished.

Notes
Turn   | Place    | Note
-------+----------+-------------------------------------------
     0 | D:1      | Ge0ff the Halfling Warper began the quest for the Orb.
     0 | D:1      | Reached XP level 1. HP: 14/14 MP: 3/3
    84 | D:1      | Slain by a jackal

Levels and vault maps discovered:
D:1:      roderic_octagonal_star, layout_loops_cross, minmay_rat_gold_closets

Skill      XL: |  1 |
---------------+----+-----
Maces & Flails | 2 |  2.0
Fighting       | |  1.9
Throwing       | |  1.0
Armour         | |  1.1
Dodging        | |  2.1
Spellcasting   | |  1.5
Translocations | |  3.2

Action                   || total
-------------------------++-------
Melee: Mace              ||    14
Throw: Boomerang         ||     5
  Use: Scroll            ||     1
 Stab: Sleeping          ||     1
Armor: Leather armour    ||     4
Dodge: Dodged            ||    13

Table legend:
 A = Non-vault XP
 B = Vault XP
 C = Vault XP percentage of total XP
 D = Non-vault monster count
 E = Vault monster count
 F = Vault count percentage of total count
                 A         B        C        D         E       F
            +---------+---------+-------+---------+---------+-------
      Total |       6 |       0 |   0.0 |       4 |       0 |   0.0
            +---------+---------+-------+---------+---------+-------
        D:1 |       6 |       0 |   0.0 |       4 |       0 |   0.0
            +---------+---------+-------+---------+---------+-------
